 Dungeon Crawl Stone Soup version 0.23.2-30-g0e89c35 (webtiles) character file.

Game seed: 17433360290480980394

983 Fortress the Magician (level 7, -1/50 HPs)
             Began as a Purple Draconian Fire Elementalist on June 24, 2019.
             Slain by an orc
             ... wielding a +0 trident
              (5 damage)
             ... on level 5 of the Dungeon.
             The game lasted 00:21:34 (5280 turns).

Fortress the Magician (DrFE)                        Turns: 5280, Time: 00:21:36

Health: -1/50      AC:  8    Str: 10    XL:     7   Next: 96%
Magic:  7/16       EV: 12    Int: 17    God:
Gold:   211        SH:  0    Dex: 12    Spells: 13/19 levels left

rFire    + . .     SeeInvis .   q - +0 dagger (chaos)
rCold    . . .     Gourm    .   (no shield)
rNeg     . . .     Faith    .   (armour unavailable)
rPois    .         Spirit   .   (helmet restricted)
rElec    .         Reflect  .   r - +1 cloak
rCorr    .         Harm     .   (no gloves)
MR       +....                  (no boots)
Stlth    ++........             (no amulet)
HPRegen  0.16/turn              o - ring of protection from fire
MPRegen  0.15/turn              (no ring)

@: no status effects
A: breathe power, unfitting armour, cold-blooded, AC +6
a: Breathe Dispelling Energy


You were on level 5 of the Dungeon.
You were not hungry.

You visited 1 branch of the dungeon, and saw 5 of its levels.

You collected 211 gold pieces.

Inventory:

Hand Weapons
 e - a +0 mace
 p - a +0 short sword
 q - a +0 dagger of chaos (weapon)
Missiles
 g - 100 sling bullets
 h - 118 stones (quivered)
 k - 8 poisoned needles
Armour
 r - a +1 cloak (worn)
Jewellery
 o - a ring of protection from fire (left hand)
Scrolls
 a - 5 scrolls of identify
 c - 2 scrolls of remove curse
 j - 2 scrolls of magic mapping
 m - 2 scrolls of enchant weapon {unknown}
 n - a scroll of amnesia {unknown}
Potions
 f - 2 potions of brilliance {unknown}
 i - a potion of haste {unknown}
 l - 2 potions of curing
 s - a potion of flight {unknown}
 t - a potion of resistance {unknown}
 u - a potion of might {unknown}
 v - a potion of lignification {unknown}
Comestibles
 b - 9 rations


   Skills:
 - Level 2.3 Dodging
 - Level 2.2 Stealth
 + Level 6.5 Spellcasting
 + Level 4.6 Conjurations
 + Level 5.9 Fire Magic


You had 13 spell levels left.
You knew the following spells:

 Your Spells              Type           Power        Failure   Level  Hunger
a - Flame Tongue          Conj/Fire      ###..        1%          1    None
b - Throw Flame           Conj/Fire      ###...       1%          2    None
c - Conjure Flame         Conj/Fire      ###.....     4%          3    ##.....

Your spell library contained the following spells:

 Spells                   Type           Power        Failure   Level  Hunger
 Inner Flame              Hex/Fire       ###.....     11%         3    ##.....
 Sticky Flame             Conj/Fire      ###.....     14%         4    ####...
 Fireball                 Conj/Fire      ###.......   36%         5    #####..


Dungeon Overview and Level Annotations

Branches:
Dungeon (5/15)             Temple (0/1) D:5

Altars:
Cheibriados
Dithmenos
Elyvilon
Makhleb
Okawaru
Ru
Sif Muna
Xom

Shops:
D:4 (

Annotations:
D:4 Grinder


Innate Abilities, Weirdness & Mutations

You can breathe bolts of dispelling energy.
Your rich purple scales are hard. (AC +6)
You cannot fit into any form of body armour.
You are cold-blooded and may be slowed by cold attacks.


Message History

Aim: a howler monkey (catching its breath)
The flame tongue hits the howler monkey but does no damage.
Something hits you. The howler monkey hits you!
* * * LOW HITPOINT WARNING * * *
The orc hits you from afar with a +0 trident.
* * * LOW HITPOINT WARNING * * *
A crimson imp comes into view.
Casting: Flame Tongue (safe; 1% risk of failure)
Confirm with . or Enter, or press ? or * to list all spells.
Aiming: Flame Tongue (safe; 1% risk of failure)
Press: ? - help, Shift-Dir - straight line, f/p - howler monkey
Aim: a howler monkey (catching its breath)
The flame tongue hits the howler monkey!
The howler monkey is heavily wounded.
Something hits you but does no damage.
The howler monkey hoots and howls with incredible vigour!
Something hits you.
* * * LOW HITPOINT WARNING * * *
The orc hits you from afar with a +0 trident.
You die...

#.# #.# #..#.#####..#
#.# #.# #..#.# #).#
...#.# #..# ##.#.#
#..# #.#.# #..#
########.#.# #..#
...........# #..##
#.......## #...#
....#.)@#..## #..## #
#oh{##..## #.##
#.....##..###.##
#..#.#..##.##...#####
.5.##.
#.......#.....# ...#
.. ##....#...###.##
...
.>.....[.##........
..
#...##....##.####.##
#. #.....##<# #.#


You could see a howler monkey, a crimson imp and an orc.

Vanquished Creatures
  A black bear (D:3)
  A phantom (D:4)
  A centaur (D:5)
  7 crimson imps
  2 bullfrog zombies (D:5)
  3 hounds
  An orc priest (D:5)
  An orc wizard (D:3)
  A bullfrog skeleton (D:4)
  An iguana (D:5)
  A worker ant (D:5)
  2 gnolls (D:1)
  6 adders
  A shadow imp (D:5)
  An ooze (D:4)
  3 worms
  4 dart slugs
  4 leopard geckos
  9 orcs
  7 bats
  3 giant cockroaches
  10 goblins
  10 hobgoblins
  9 jackals
  3 kobolds
  3 quokkas (D:2)
  4 frilled lizards
  A giant cockroach zombie (D:5)
  7 rats
107 creatures vanquished.

Notes
Turn   | Place    | Note
-------+----------+-------------------------------------------
     0 | D:1      | Fortress the Draconian Fire Elementalist began the quest
                  | for the Orb.
     0 | D:1      | Reached XP level 1. HP: 14/14 MP: 3/3
   411 | D:1      | Reached XP level 2. HP: 20/20 MP: 0/5
   952 | D:1      | Reached XP level 3. HP: 26/26 MP: 1/6
  1628 | D:2      | Found a snail-covered altar of Cheibriados.
  1742 | D:2      | Reached XP level 4. HP: 23/33 MP: 1/7
  2240 | D:2      | Found a white marble altar of Elyvilon.
  2781 | D:3      | Reached skill level 3 in Spellcasting
  2826 | D:3      | Reached XP level 5. HP: 22/38 MP: 2/9
  3154 | D:3      | Noticed a black bear
  3179 | D:3      | Killed a black bear
  3327 | D:3      | Reached XP level 6. HP: 45/45 MP: 9/11
  3582 | D:4      | Found Mynusaf's Weapon Shoppe.
  3984 | D:4      | Reached skill level 4 in Spellcasting
  3992 | D:4      | Noticed Grinder
  4312 | D:4      | Found a sacrificial altar of Ru.
  4318 | D:4      | Found an iron altar of Okawaru.
  4331 | D:4      | Reached skill level 5 in Fire Magic
  4335 | D:4      | Learned a level 2 spell: Throw Flame
  4339 | D:4      | Learned a level 3 spell: Conjure Flame
  4419 | D:5      | Entered Level 5 of the Dungeon
  4429 | D:5      | Found a burning altar of Makhleb.
  4491 | D:5      | Found a shadowy altar of Dithmenos.
  4509 | D:5      | Your scales start taking on a rich purple colour.
  4509 | D:5      | Reached skill level 5 in Spellcasting
  4509 | D:5      | Reached XP level 7. HP: 38/50 MP: 11/15
  4642 | D:5      | Found a deep blue altar of Sif Muna.
  4688 | D:5      | Found a shimmering altar of Xom.
  5042 | D:5      | Reached skill level 6 in Spellcasting
  5244 | D:5      | Found a staircase to the Ecumenical Temple.
  5280 | D:5      | Slain by an orc

Skill      XL: |  1  2  3  4  5  6  7 |
---------------+----------------------+-----
Stealth        | 2 |  2.2
Dodging        | 2 |  2.3
Conjurations   | 2 3 4 |  4.6
Fire Magic     | 4 5 |  5.9
Spellcasting   | 3 5 6 |  6.5

Action                   |  1- 3 |  4- 6 |  7- 9 || total
-------------------------+-------+-------+-------++-------
Melee: Unarmed           |    33 |     2 |       ||    35
       Tailslap          |     2 |     4 |     5 ||    11
       Mace              |     9 |    75 |    34 ||   118
       Dagger            |       |       |    85 ||    85
Throw: Stone             |       |     1 |       ||     1
 Cast: Flame Tongue      |    63 |   130 |    36 ||   229
  Use: Scroll            |       |     9 |       ||     9
       Potion            |       |       |     3 ||     3
 Stab: Petrified         |       |       |     3 ||     3
       Confused          |       |       |     1 ||     1
       Petrifying        |       |       |     1 ||     1
  Eat: Chunk             |     3 |     9 |       ||    12
       Ration            |       |       |     1 ||     1
Armor: Skin              |    29 |    55 |    58 ||   142
Dodge: Dodged            |    48 |    88 |    97 ||   233
